 Dungeon Crawl Stone Soup version 0.16-a0-286-g6bac339 (webtiles) character file.

32 Kashira the Gusty (level 3, -2/19 HPs)
             Began as a Tengu Air Elementalist on Aug 28, 2014.
             Slain by Terence
             ... wielding a +2 falchion of freezing
              (6 damage)
             ... on Level 2 of the Dungeon.
             The game lasted 00:04:18 (1332 turns).

Kashira the Gusty (Tengu Air Elementalist)          Turns: 1332, Time: 00:04:18

HP  -2/19        AC  2     Str  8      XL: 3   Next: 25%
MP   1/7         EV 13     Int 15      God:
Gold 77          SH  0     Dex 15      Spells:  1 memorised,  5 levels left

rFire  . . .     SeeInvis .     g - +0 short sword
rCold  . . .     Clarity  .     a - +0 robe
rNeg   . . .     rCorr    .     (no shield)
rPois  .         rRot     .     (helmet restricted)
rElec  .         Spirit   .     (no cloak)
SustAb .         Warding  .     (no gloves)
rMut   .         Stasis   .     (boots unavailable)
Gourm  .                        (no amulet)
MR     .....                    (no ring)
                                (no ring)

@: very slightly contaminated, not resistant to hostile enchantments, unstealthy
A: beak, talons 3
a: no special abilities


You were on level 2 of the Dungeon.
You were very hungry.

You visited 1 branch of the dungeon, and saw 2 of its levels.

You collected 77 gold pieces.

Inventory:

Hand weapons
 g - a +0 short sword (weapon)
Missiles
 f - 3 poisoned needles
Armour
 a - a +0 robe (worn)
Comestibles
 c - 2 bread rations
 j - a slice of pizza
Scrolls
 d - a scroll of amnesia {unknown}
 e - a scroll of enchant weapon {unknown}
 h - a scroll of random uselessness {unknown}
 i - a scroll of teleportation {unknown}
 k - a scroll of noise {unknown}
 l - a scroll of enchant armour {unknown}
 m - 2 scrolls of identify {unknown}
 o - a scroll of immolation {unknown}
Potions
 n - a potion of curing {unknown}
 p - a potion of brilliance {unknown}
Books
 b - a book of Air

   Spells                             Type                      Level
   *Shock                             Conjuration/Air              1
   Swiftness                          Charms/Air                   2
   Repel Missiles                     Charms/Air                   2
   Flight                             Charms/Air                   3
   Static Discharge                   Conjuration/Air              3
   Lightning Bolt                     Conjuration/Air              5
 q - a book of the Earth

   Spells                             Type                      Level
   Leda's Liquefaction                Hexes/Earth                  4
   Bolt of Magma                      Conjuration/Fire/Earth       5
   Statue Form                        Transmutation/Earth          6
   Iron Shot                          Conjuration/Earth            6
   Shatter                            Earth                        9


   Skills:
 + Level 2.4 Dodging
 + Level 2.0 Stealth
 + Level 2.3 Spellcasting
 + Level 1.7 Conjurations
 + Level 4.9 Air Magic


You had 5 spell levels left.
You knew the following spells:

 Your Spells              Type           Power        Failure   Level  Hunger
a - Shock                 Conj/Air       ##..         8%          1    #......


Dungeon Overview and Level Annotations

Branches:
Dungeon (2/15)

Altars:

Annotations:
D:2 Terence


Innate Abilities, Weirdness & Mutations

You have a beak for a mouth.
You have claws for feet.


Message History

Terence misses you.
Casting: Shock
Confirm with . or Enter, or press ? or * to list all spells.
Aiming: Shock
Press: ? - help, Shift-Dir - straight line, f/p - Terence
Aim: Terence, wielding a runed falchion and wearing a glowing ring mail (heavily wounded, fast)
The zap misses Terence.
Terence barely misses you.
You closely miss Terence.
Terence is heavily wounded.
Terence hits you with a runed falchion. Terence freezes you.
Terence closely misses you.
You hit Terence but do no damage. You claw Terence!
Terence is almost dead.
Terence hits you with a falchion of freezing!
Terence freezes you.
* * * LOW HITPOINT WARNING * * *
You hit Terence.
Terence is almost dead.
Terence hits you with a falchion of freezing.
You die...

.....g.......#.#
#.####..
####.####....#.###
###.)...%.
@........#...#
#....####.
.........'...#
#....'....
######...#...#
#..).#####
#...#...# #....# .
#.. #...# #....#
.# ### #...#
#....# #. #..@#
#....# # #..@#
#....# #...#
#....# #...# +###
#.... ##... #....
#.... ...


You could see Terence.

Vanquished Creatures
  A worm (D:2)
  2 giant geckos
  An ooze (D:1)
  A giant cockroach (D:2)
  5 hobgoblins
  4 kobolds
  2 bats
  A giant newt (D:1)
  3 goblins (D:1)
  3 rats
23 creatures vanquished.

Notes
Turn   | Place    | Note
--------------------------------------------------------------
     0 | D:1      | Kashira, the Tengu Air Elementalist, began the quest for the Orb.
     0 | D:1      | Reached XP level 1. HP: 10/10 MP: 3/3
   246 | D:1      | Reached XP level 2. HP: 4/15 MP: 1/5
  1200 | D:2      | Reached XP level 3. HP: 19/19 MP: 0/7
  1267 | D:2      | Noticed Terence
  1332 | D:2      | Slain by Terence

Action                   || total
-------------------------++-------
Melee: Short sword       ||    24
 Cast: Shock             ||    50
  Eat: Chunk             ||     1
